 Dungeon Crawl Stone Soup version 0.31-a0-986-g5e6e4ef867 (webtiles) character file.

Game seed: 3065385073748516676

158 wildpjah the Covered (level 5, 0/46 HPs)
             Began as a Minotaur Fighter on Nov 6, 2023.
             Slain by Grinder (3 damage)
             ... while paralysed by Grinder
             ... on level 3 of the Dungeon.
             The game lasted 00:03:19 (1595 turns).

wildpjah the Covered (Minotaur Fighter)             Turns: 1595, Time: 00:03:20

Health: 0/46       AC: 10    Str: 26    XL:     5   Next: 16%
Magic:  4/4        EV:  2    Int:  8    God:
Gold:   87         SH:  0    Dex: 12    Spells: 4/4 levels left

rFire   . . .        a - +0 war axe
rCold   . . .        c - +0 buckler
rNeg    . . .        l - +3 ring mail of the Sparrow {Int+3}
rPois   .            (helmet restricted)
rElec   .            (no cloak)
rCorr   .            o - +0 pair of gloves
SInv    .            (no boots)
Will    .....        (no amulet)
Stlth   +            h - +6 ring of strength
HPRegen 0.27/turn    (no ring)
MPRegen 0.09/turn

%: no passive effects
@: paralysed
A: horns 2, retaliatory headbutt
a: no special abilities


You were on level 3 of the Dungeon.
You visited 1 branch of the dungeon, and saw 3 of its levels.

You collected 87 gold pieces.

Inventory:

Hand Weapons
 a - a +0 war axe (weapon)
 q - a +4 quarterstaff of chaos
Armour
 b - a +0 scale mail
 c - a +0 buckler (worn)
 l - the +3 ring mail of the Sparrow (worn) {Int+3}
   (You found it on level 2 of the Dungeon)

   Int+3:     It affects your intelligence (+3).
 o - a +0 pair of gloves (worn)
Jewellery
 h - a +6 ring of strength (left hand)
Scrolls
 e - 2 scrolls of teleportation {unknown}
 f - a scroll of noise {unknown}
 g - 2 scrolls of identify {unknown}
 i - 2 scrolls of silence {unknown}
 m - a scroll of amnesia {unknown}
 p - 2 scrolls of revelation {unknown}
Potions
 d - a potion of might
 j - a potion of heal wounds {unknown}
 k - a potion of cancellation {unknown}
 n - a potion of attraction {unknown}


   Skills:
 + Level 4.2 Fighting
 + Level 4.5 Axes
 + Level 4.7 Armour
 + Level 0.3 Dodging
 + Level 4.5 Shields


You had 4 spell levels left.
You didn't know any spells.
Your spell library contained the following spells:

 Spells                   Type           Power      Damage    Failure   Level
 Scorch                   Fire           0%         2d5       75%         2
 Tukima's Dance           Hex            0%         N/A       92%         3
 Flame Wave               Conj/Fire      0%         2d4       100%        4
 Passage of Golubria      Tloc           0%         N/A       100%        4
 Yara's Violent Unravell  Hex/Tmut       0%         3d3       100%        5
 Summon Cactus Giant      Summ           0%         N/A       100%        6


Dungeon Overview and Level Annotations

Branches:
Dungeon (3/15)

Altars:

Annotations:
D:3 Grinder, Jessica


Innate Abilities, Weirdness & Mutations

You have a pair of horns on your head.
You reflexively headbutt those who attack you in melee.


Message History

No target in view!
No target in view!
No target in view!
No target in view!
There is an open door here.
You open the door.
Grinder comes into view.
Grinder shouts!
A bat comes into view.
Grinder hits you.
You writhe in agony.
There is an open door here.
You slash Grinder!
Grinder is moderately wounded.
You hit the bat.
You kill the bat!
Jessica breaks down the door.
Grinder says, "DUCK!"
Grinder hits you!
You writhe in agony.
You closely miss Grinder.
Grinder is moderately wounded.
Grinder hits you but does no damage.
Jessica shouts, "You are a ghastly nuisance!"
You closely miss Grinder.
Grinder is moderately wounded.
Grinder gestures at you.
You suddenly lose the ability to move!
Grinder hits you.
You writhe in agony.
Jessica gestures at you while chanting. Pain shoots through your body!
* * * LOW HITPOINT WARNING * * *
Grinder hits you.
* * * LOW HITPOINT WARNING * * *
You writhe in agony.
* * * LOW HITPOINT WARNING * * *
Jessica casts a spell at you.
You barely resist. Grinder hits you but does no damage. Grinder hits you.
You die...
Grinder says, "Now the real fun starts!"

....# ####.........
.....##### #.........
#.......# #.........
+.......###.........
#........##.........
#...................
...##.......##.........#
............###.......~#
######@#'### #.......~#
#.5†#.# ##+####..#
#....#.# .~. #..#@#.# ..
#..#.#.# #..#'#.# ..
...@# ... ..... ...


You could see Grinder and Jessica.

Vanquished Creatures
  Crazy Yiuf (D:2)
  Robin (D:2)
  5 adders (D:2)
  A worm (D:2)
  A dart slug (D:2)
  11 ball pythons
  3 endoplasms
  2 giant cockroaches
  6 goblins (D:2)
  14 hobgoblins
  4 kobolds
  3 quokkas
  3 bats
  5 frilled lizards
  3 rats
63 creatures vanquished.

Notes
Turn   | Place    | Note
-------+----------+-------------------------------------------
     0 | D:1      | wildpjah the Minotaur Fighter began the quest for the Orb.
     0 | D:1      | Reached XP level 1. HP: 19/19 MP: 0/0
   185 | D:1      | Reached XP level 2. HP: 15/27 MP: 1/1
   588 | D:2      | Reached XP level 3. HP: 31/33 MP: 2/2
   727 | D:2      | Reached XP level 4. HP: 37/40 MP: 3/3
   958 | D:2      | Identified the +3 ring mail of the Sparrow {Int+3}
  1155 | D:2      | Noticed Robin
  1162 | D:2      | Killed Robin
  1476 | D:2      | Found a runed translucent door.
  1477 | D:2      | Noticed Crazy Yiuf
  1484 | D:2      | Killed Crazy Yiuf
  1485 | D:2      | Reached XP level 5. HP: 46/46 MP: 4/4
  1582 | D:3      | Noticed Jessica
  1587 | D:3      | Noticed Grinder
  1591 | D:3      | Paralysed by Grinder for 5 turns
  1595 | D:3      | Slain by Grinder

Illustrated notes

Levels and vault maps discovered:
D:1:      minmay_arrival_cross, layout_basic
D:2:      minmay_diamond_boxcup, layout_loops_ring, hangedman_decor_riveting,
          minmay_snake_closets, uniq_robin, uniq_crazy_yiuf_cottage
D:3:      layout_basic, grunt_temple_overflow_open, serial_shops, shop,
          dreamdust_ecumenical_altar_drowned_temple, uniq_jessica, uniq_grinder

Skill      XL: |  1  2  3  4 |
---------------+-------------+-----
Armour         | 4 |  4.7
Fighting       | 4 |  4.2
Shields        | 4 |  4.5
Axes           | 3 4 |  4.5
Dodging        | |  0.3

Action                     |  1- 3 |  4- 6 || total
---------------------------+-------+-------++-------
  Melee: War axe           |    71 |    67 ||   138
         Headbutt          |    11 |    15 ||    26
 Armour: Scale mail        |    63 |    10 ||    73
         Ring mail         |       |    22 ||    22
  Dodge: Dodged            |    26 |    27 ||    53
  Block: Buckler           |    24 |    20 ||    44

Table legend: (Time is in decaauts)
 A = Elapsed time spent in this place.
 B = Non-inter-level travel time spent in this place.
 C = Inter-level travel time spent in this place.
 D = Time resting spent in this place.
 E = Time spent auto-exploring this place.
 F = Levels seen in this place.
 G = Mean time per level.
                   A        B        C        D        E       F      G
               +--------+--------+--------+--------+--------+-----+--------+
         Total |   1644 |   1561 |     83 |      0 |   1170 |   3 |  548.0 |
       Dungeon |   1644 |   1561 |     83 |      0 |   1170 |   3 |  548.0 |
               +--------+--------+--------+--------+--------+-----+--------+

Top non-repeatable levels by time:
     D:2: 1014 daAuts
     D:1: 595 daAuts
     D:3: 34 daAuts
